 Dungeon Crawl Stone Soup version 0.26-a0-682-g294304f6e8 (webtiles) character file.

Game seed: 2668207597664634023

407 robertstho the Chiller (level 6, -6/33 HPs)
             Began as a Gargoyle Ice Elementalist on Oct 20, 2020.
             Killed from afar by a white imp (12 damage)
             ... with a puff of frost
             ... on level 5 of the Dungeon.
             The game lasted 00:06:48 (4587 turns).

robertstho the Chiller (Gargoyle Ice Elementalist)  Turns: 4587, Time: 00:06:48

Health: -6/33      AC:  8    Str: 11    XL:     6   Next: 88%
Magic:  3/11       EV: 12    Int: 18    God:
Gold:   188        SH:  0    Dex: 10    Spells: 5/12 levels left

rFire    . . .     SeeInvis .   c - +0 flail
rCold    . . .     Faith    .   (no shield)
rNeg     + . .     Spirit   .   a - +0 robe
rPois    ∞         Reflect  .   (no helmet)
rElec    +         Harm     .   (no cloak)
rCorr    .         Rampage  .   (no gloves)
MR       .....                  l - +1 pair of boots
Stlth    ++........             (no amulet)
HPRegen  0.11/turn              (no ring)
MPRegen  0.12/turn              (no ring)

@: mighty, stab
A: negative energy resistance 1, electricity resistance, unbreathing,
petrification resistance, rot immunity, AC +4
a: no special abilities


You were on level 5 of the Dungeon.
You visited 1 branch of the dungeon, and saw 5 of its levels.

You collected 188 gold pieces.

Inventory:

Hand Weapons
 b - a +0 whip
 c - a +0 flail (weapon)
 f - a +0 mace
Missiles
 u - 13 poisoned darts (quivered)
Armour
 a - a +0 robe (worn)
 l - a +1 pair of boots (worn)
 m - a +0 helmet
Jewellery
 i - an uncursed amulet of reflection {unknown}
Scrolls
 e - 3 scrolls of magic mapping
 j - 4 scrolls of identify
 k - a scroll of immolation
 n - a scroll of teleportation {unknown}
 o - a scroll of amnesia {unknown}
 p - a scroll of enchant weapon {unknown}
 q - a scroll of remove curse {unknown}
 r - a scroll of blinking {unknown}
 t - a scroll of fog {unknown}
Potions
 d - 3 potions of degeneration


   Skills:
 + Level 0.6 Fighting
 + Level 1.7 Maces & Flails
 + Level 2.2 Dodging
 + Level 2.6 Stealth
 * Level 3.8 Spellcasting
 * Level 6.2 Ice Magic


You had 5 spell levels left.
You knew the following spells:

 Your Spells              Type           Power        Failure   Level
a - Freeze                Ice            ####         1%          1
b - Frozen Ramparts       Ice            ####..       3%          3
c - Ozocubu's Armour      Ice            ####....     3%          3

Your spell library contained the following spells:

 Spells                   Type           Power        Failure   Level
 Hailstorm                Conj/Ice       ##......     38%         4
 Summon Ice Beast         Ice/Summ       ##......     38%         4


Dungeon Overview and Level Annotations

Branches:
Dungeon (5/15)
 Temple: D:4-7

Altars:
Ashenzari
Cheibriados
Elyvilon
Uskayaw
Vehumet
Xom


Innate Abilities, Weirdness & Mutations

You are resistant to torment.
Your stone body is resilient. (AC +4)
You are immune to poison.
You resist negative energy. (rN+)
You are resistant to electric shocks. (rElec)
You can survive without breathing.
You are immune to petrification.
You are immune to rotting.


Message History

The puff of frost misses you. The giant cockroach barely misses you.
It was a potion of might.
You feel very mighty all of a sudden.
The phantom completely resists.
The wall freezes the phantom but do no damage.
The white imp completely resists.
The wall freezes the white imp but do no damage.
The giant cockroach misses you.
As you read the scroll labeled ATTYECR JIBYC, it crumbles to dust.
The creatures around you are filled with an inner flame!
It was a scroll of immolation.
The frozen ramparts melt away.
The white imp closely misses you.
The giant cockroach bites you but does no damage.
As you read the scroll labeled SUCVIT YMOCWUU, it crumbles to dust.
It is a scroll of enchant armour.
Your +0 pair of boots glows green for a moment.
The giant cockroach closely misses you. The white imp gestures at you.
The puff of frost hits you!
You die...

* *,,,,.......****,,** *
*,*,.........,,,,,*** *
***,*,........###**,,,##** ###
***,,*,,..........##***,...###..
*,,,,>,,........#).######.......
*,,,,*,,........##........#*<..#
*,,,,*,,........##...######*##.#
*,,,,*,,.......B5W)..)).#####...
*******,.......@####..#[.)..†#.#
*,........# ##.#######)..
*,........# #..#** ##.#
*,........# ##...** #)#
*,...:....# *##..***#..
**######### *#.,,,.#. ****#.,.
##*#


You could see a phantom (inner flame), a white imp (inner flame) and a giant
cockroach (inner flame).

Vanquished Creatures
  A bullfrog (D:5)
  A hound (D:5)
  2 orc priests (D:5)
  An orc wizard (D:5)
  Natasha (D:2)
  3 adders
  7 gnolls
  An ooze (D:1)
  An adder skeleton (D:4)
  4 worms
  3 leopard geckos
  7 orcs (D:5)
  12 bats
  2 giant cockroaches
  7 goblins
  8 hobgoblins
  3 jackals (D:3)
  2 quokkas
  5 ball pythons
  4 frilled lizards
  8 kobolds
  6 rats
89 creatures vanquished.

Vanquished Creatures (others)
  10 plants (D:5)
10 creatures vanquished.

Grand Total: 99 creatures vanquished

Notes
Turn   | Place    | Note
-------+----------+-------------------------------------------
     0 | D:1      | robertstho the Gargoyle Ice Elementalist began the quest
                  | for the Orb.
     0 | D:1      | Reached XP level 1. HP: 10/10 MP: 3/3
   148 | D:1      | Reached XP level 2. HP: 15/15 MP: 0/5
   632 | D:1      | Reached XP level 3. HP: 19/19 MP: 6/6
  1469 | D:2      | Reached skill level 5 in Ice Magic
  1542 | D:2      | Reached XP level 4. HP: 24/24 MP: 5/7
  1825 | D:2      | Found a snail-covered altar of Cheibriados.
  1832 | D:2      | Noticed Natasha
  2066 | D:1      | Learned a level 3 spell: Frozen Ramparts
  2070 | D:1      | Learned a level 3 spell: Ozocubu's Armour
  2284 | D:2      | Killed Natasha
  2478 | D:3      | Reached XP level 5. HP: 28/28 MP: 4/8
  3043 | D:3      | Reached skill level 1 in Maces & Flails
  3483 | D:4      | Found a shimmering altar of Xom.
  3483 | D:4      | Found a white marble altar of Elyvilon.
  3484 | D:4      | Found a radiant altar of Vehumet.
  3667 | D:4      | Found a hide-covered altar of Uskayaw.
  4165 | D:4      | Found a broken altar of Ashenzari.
  4358 | D:5      | Entered Level 5 of the Dungeon
  4387 | D:5      | Reached XP level 6. HP: 31/32 MP: 3/10
  4466 | D:5      | Reached skill level 6 in Ice Magic
  4564 | D:5      | Noticed a phantom
  4587 | D:5      | Killed from afar by a white imp

Illustrated notes

Levels and vault maps discovered:
D:1:      dpeg_arrival_shelter, layout_basic
D:2:      layout_basic, old_standard_altar, grunt_ministairs_14, uniq_natasha
D:3:      layout_loops_corners
D:4:      layout_loops_cross, lemuel_round_altar,
          nicolae_overflow_quartered_altars
D:5:      layout_rooms, lemuel_doored_altar, hangedman_decor_opposing,
          st_stairs_13, chequers_big_river

Skill      XL: |  1  2  3  4  5  6 |
---------------+-------------------+-----
Ice Magic      | 5 6 |  6.2
Maces & Flails | 1 |  1.7
Spellcasting   | 3 |  3.8
Dodging        | 2 |  2.2
Fighting       | |  0.6
Stealth        | |  2.6

Action                   |  1- 3 |  4- 6 || total
-------------------------+-------+-------++-------
Melee: Whip              |    24 |       ||    24
       Unarmed           |     3 |       ||     3
       Mace              |    54 |    16 ||    70
       Flail             |       |    54 ||    54
 Cast: Freeze            |    30 |    17 ||    47
       Frozen Ramparts   |       |    18 ||    18
  Use: Potion            |       |     3 ||     3
       Scroll            |       |     4 ||     4
 Stab: Sleeping          |     3 |       ||     3
Armor: Robe              |    46 |    40 ||    86
Dodge: Dodged            |    82 |    94 ||   176

Table legend: (Time is in decaauts)
 A = Elapsed time spent in this place.
 B = Non-inter-level travel time spent in this place.
 C = Inter-level travel time spent in this place.
 D = Time resting spent in this place.
 E = Time spent auto-exploring this place.
 F = Levels seen in this place.
 G = Mean time per level.
                   A        B        C        D        E       F      G
               +--------+--------+--------+--------+--------+-----+--------+
         Total |   4641 |   4465 |    176 |    268 |   3483 |   5 |  928.2 |
       Dungeon |   4641 |   4465 |    176 |    268 |   3483 |   5 |  928.2 |
               +--------+--------+--------+--------+--------+-----+--------+

Top non-repeatable levels by time:
     D:1: 1431 daAuts
     D:2: 1069 daAuts
     D:3: 1012 daAuts
     D:4: 896 daAuts
     D:5: 231 daAuts
